 Dungeon Crawl Stone Soup version 0.31-a0-233-g139696dc86 (webtiles) character file.

Game seed: 2402580629408365261

1 qw the Shooter (level 1, 0/16 HPs)
             Began as a Minotaur Hexslinger on July 7, 2023.
             Slain by Sigmund
             ... wielding a +0 scythe
              (2 damage)
             ... on level 2 of the Dungeon.
             The game lasted 00:00:01 (36 turns).

qw the Shooter (Minotaur Hexslinger)                  Turns: 36, Time: 00:00:02

Health: 0/16       AC: 12    Str: 12    XL:     1   Next: 16%
Magic:  1/1        EV: 19    Int: 10    God:
Gold:   17         SH:  0    Dex: 12    Spells: 1/2 levels left

rFire   . . .        a - melded +1 sling
rCold   . . .        (shield currently unavailable)
rNeg    + + +        c - melded +0 robe
rPois   +            (helmet currently unavailable)
rElec   .            (cloak currently unavailable)
rCorr   .            (gloves currently unavailable)
SInv    .            (boots currently unavailable)
Will    .....        (no amulet)
Stlth   +            (no ring)
HPRegen 0.22/turn    (no ring)
MPRegen 0.07/turn

%: no passive effects
@: confused, fungus-form
A: melee confuse, terrified, no casting, tiny, (horns 2), (retaliatory headbutt)
a: no special abilities


You were on level 2 of the Dungeon.
You were a sentient fungus.
You visited 1 branch of the dungeon, and saw 2 of its levels.

You collected 17 gold pieces.


Innate Abilities, Weirdness & Mutations

You are a sentient fungus.
You are tiny and evasive.
Your melee attack releases spores that confuse breathing creatures.
You become terrified and freeze when enemies are visible.
Your armour is entirely melded.
You are incapable of wielding weapons or throwing items.
You cannot cast spells.
((You have a pair of horns on your head.))
((You reflexively headbutt those who attack you in melee.))


   Skills:
 - Level 1.2 Fighting
 + Level 2.3 Ranged Weapons
 - Level 2.1 Dodging
 - Level 1.0 Spellcasting
 - Level 2.0 Hexes


You had one spell level left.
You knew the following spells:

 Your Spells              Type           Power      Damage    Failure   Level
a - Slow                  Hex            16%        N/A       16%         1

Your spell library contained the following spells:

 Spells                   Type           Power      Damage    Failure   Level
 Inner Flame              Hex/Fire       2%         N/A       56%         3
 Portal Projectile        Hex/Tloc       4%         N/A       56%         3
 Cause Fear               Hex            2%         N/A       83%         4

Inventory:

Hand Weapons
 a - a +1 sling (melded)
Armour
 c - a +0 robe (melded)
Scrolls
 b - a scroll of poison

Dungeon Overview and Level Annotations

Branches:
Dungeon (1/15)

Altars:
Ru

Annotations:
D:2 Sigmund


Message History

You fall into a shaft and drop 1 floor!
The shaft crumbles and collapses.
A goblin comes into view. It is wielding a +1 dagger of venom.
The goblin shouts!
Waypoint 1 assigned to D:2.
You shoot a sling bullet. The sling bullet misses the goblin.
You shoot a sling bullet.
The sling bullet closely misses the goblin.
You shoot a sling bullet. The sling bullet hits the goblin.
You kill the goblin!
You now have 10 gold pieces.
You see here a +1 dagger of venom.
Found a sacrificial altar of Ru.
You now have 17 gold pieces (gained 7).
Sigmund the Dreaded comes into view.
He is wielding a +0 scythe and carrying a wand of polymorph (9).
You shoot a sling bullet. The sling bullet hits Sigmund!
Sigmund shouts!
Sigmund is moderately wounded.
Sigmund gestures at you while chanting. You resist with significant effort.
You shoot a sling bullet.
The sling bullet closely misses Sigmund.
A giant cockroach comes into view.
Sigmund casts a spell at you. The magic dart hits you!
Ouch! That really hurt!
You shoot a sling bullet. The sling bullet hits Sigmund.
Sigmund is heavily wounded.
You shoot a sling bullet.
The sling bullet closely misses Sigmund.
Sigmund gestures at you while chanting.
You are confused.
Sigmund gestures at you while chanting. The magic dart hits you!
Sigmund zaps a wand.
You turn into a sentient fungus.
Your +1 sling melds into your body.
Your +0 robe melds into your body.
The giant cockroach closely misses you.
The giant cockroach bites you but does no damage.
The giant cockroach misses you.
Sigmund hits you from afar with a +0 scythe.
You die...

#.. .. #.#.# .
#.#.# . #.#.# .#
#.#$##.#
#.#@#..####
#.#.B.....#
#####.#f.#..#.##
#..........#...#
#.###.##..#..#.##
.###....#..#...#
.............#....#
._......#...#..#..#
.....#..#..#..#...#
....##.......#)...#
............#..#..#


You could see Sigmund and a giant cockroach.

Vanquished Creatures
  A goblin (D:2)
1 creature vanquished.

Notes
Turn   | Place    | Note
-------+----------+-------------------------------------------
     0 | D:1      | qw the Minotaur Hexslinger began the quest for the Orb.
     0 | D:1      | Reached XP level 1. HP: 16/16 MP: 1/1
     0 | D:1      | 0 ||| qw: Version: 0.3-a-46-gb1f654a
     0 | D:1      | 0 ||| qw: Game counter: 3219
     0 | D:1      | 0 ||| qw: Melee chars always use a shield: true
     0 | D:1      | 0 ||| qw: God list: Okawaru
     0 | D:1      | 0 ||| qw: Allow faded altars: false
     0 | D:1      | 0 ||| qw: Do Orc after clearing Dungeon:15 true
     0 | D:1      | 0 ||| qw: Do second Lair branch before Depths: true
     0 | D:1      | 0 ||| qw: Lair rune preference: random
     0 | D:1      | 0 ||| qw: Goals: Normal
     0 | D:1      | 0 ||| PLANNING D:1-11
     1 | D:1      | You fall into a shaft and drop 1 floor!
    22 | D:2      | Found a sacrificial altar of Ru.
    27 | D:2      | Noticed Sigmund
    31 | D:2      | HP: 1/16 [Sigmund/magic dart (7)]
    36 | D:2      | Slain by Sigmund

Levels and vault maps discovered:
D:1:      dpeg_arrival_rooms_with_view, layout_rooms, serial_shops,
          nicolae_shop_rolling_square
D:2:      layout_basic, basic_altar, roderic_lattice_a,
          minmay_misc_feat_diagonals, lemuel_flame_loot_1, uniq_sigmund

Action                     || total
---------------------------++-------
   Fire: Sling             ||     7
 Armour: Skin              ||     1
  Dodge: Dodged            ||     2

Table legend:
 A = Non-vault XP
 B = Vault XP
 C = Vault XP percentage of total XP
 D = Non-vault monster count
 E = Vault monster count
 F = Vault count percentage of total count
                 A         B        C        D         E       F
            +---------+---------+-------+---------+---------+-------
      Total |       2 |       0 |   0.0 |       1 |       0 |   0.0
            +---------+---------+-------+---------+---------+-------
        D:2 |       2 |       0 |   0.0 |       1 |       0 |   0.0
            +---------+---------+-------+---------+---------+-------
